 Dungeon Crawl Stone Soup version 0.31.0-11-ge490571c62 (webtiles) character file.

Game seed: 14944221034273120165

332 Flugkiller the Chiller (level 6, 0/25 (28) HPs)
             Began as a Vine Stalker Ice Elementalist on Feb 3, 2024.
             Slain by a wight
             ... wielding a +0 dagger
              (3 damage)
             ... on level 6 of the Dungeon.
             The game lasted 00:02:07 (631 turns).

Flugkiller the Chiller (VSIE)                        Turns: 631, Time: 00:02:08

HP:   0/25 (28)     AC:  2    Str:  7 (10) XL:     6   Next: 52%
MP:   0/14          EV: 12    Int: 15 (17) God:
Gold: 62            SH:  0    Dex: 14 (15) Spells: 11/15 levels left

rFire   . . .        d - +0 whip
rCold   . . .        (no shield)
rNeg    . . .        a - +0 robe
rPois   .            (no helmet)
rElec   .            (no cloak)
rCorr   .            (no gloves)
SInv    .            (no boots)
Will    .....        (no amulet)
Stlth   ++           (no ring)
HPRegen 1.04/turn    (no ring)
MPRegen 0.14/turn

%: guardian spirit
@: studying Fighting, heavily drained
A: fangs 2, regeneration 1, magic shield, antimagic bite, no potion heal 2
a: no special abilities


You were on level 6 of the Dungeon.
You visited 1 branch of the dungeon, and saw 6 of its levels.

You collected 62 gold pieces.

Inventory:

Hand Weapons
 d - a +0 whip (weapon)
   (You took it off a kobold on level 1 of the Dungeon)
Armour
 a - a +0 robe (worn)
Magical Staves
 h - a staff of conjuration
   (You found it on level 3 of the Dungeon)
Scrolls
 b - a scroll of blinking {unknown}
 c - a scroll of identify {unknown}
 e - a scroll of teleportation {unknown}
 g - 2 scrolls of revelation {unknown}
 i - a scroll of enchant armour {unknown}
Potions
 f - 2 potions of degeneration


   Skills:
 - Level 1.5 Dodging
 - Level 2.4 Stealth
 + Level 5.0 Spellcasting
 + Level 6.0 Ice Magic


You had 11 spell levels left.
You knew the following spells:

 Your Spells              Type           Power      Damage    Failure   Level
a - Freeze                Ice            88%        1d9       1%          1
b - Frozen Ramparts       Ice            44%        1d7       4%          3

Your spell library contained the following spells:

 Spells                   Type           Power      Damage    Failure   Level
 Ozocubu's Armour         Ice            22%        N/A       4%          3
 Hailstorm                Conj/Ice       12%        3d6       14%         3
 Summon Ice Beast         Ice/Summ       12%        N/A       14%         3
 Jinxbite                 Hex            6%         N/A       24%         2
 Yara's Violent Unravell  Hex/Alch       1%         3d3       99%         5
 Sculpt Simulacrum        Ice/Alch       6%         N/A       100%        6
 Enfeeble                 Hex            1%         N/A       100%        7


Dungeon Overview and Level Annotations

Branches:
Dungeon (6/15) Zot: 26936
 Temple: D:4-7

Altars:

Shops:
D:4 **


Innate Abilities, Weirdness & Mutations

You have extremely sharp teeth.
Your natural rate of healing is unusually fast.
When hurt, damage is shared between your health and your magic reserves.
Your bite disrupts and absorbs the magic of your enemies.
Potions cannot restore your health.


Message History

You climb upwards.
There is a stone staircase leading down here.
Magic restored.
You climb downwards.
There is a stone staircase leading up here.
There is a stone staircase leading down here.
You climb downwards.
Found a bubbling orange potion.
There is a stone staircase leading up here.
Found a stone staircase leading up.
Unknown command.
f - 2 bubbling orange potions (gained 1)
f - 3 bubbling orange potions (gained 1)
b - a scroll labelled SOR KAILEWIS
There is a stone staircase leading up here.
You climb upwards.
The iguana hisses angrily.
There is a stone staircase leading down here.
Casting: Frozen Ramparts (quite dangerous; 4% risk of failure)
Confirm with . or Enter, or press ? or * to list all spells.
The walls around you are covered in ice.
The wall freezes the iguana.
The iguana seems to slow down.
You hit the iguana but do no damage.
The iguana is moderately wounded.
The wall freezes the iguana!
The iguana barely misses you.
You hit the iguana. You bite the iguana, but do no damage.
The iguana is almost dead.
The wall freezes the iguana.
You kill the iguana!
You have reached level 6!
The frozen ramparts melt away.
You climb downwards.
There is a stone staircase leading up here.
Found a stone staircase leading up.
Found a stone staircase leading down.
A wight comes into view. It is wielding a +0 dagger.
There is a stone staircase leading up here.
You climb upwards.
Found a robe.
There is a stone staircase leading down here.
Casting: Frozen Ramparts (dangerous; 4% risk of failure)
Confirm with . or Enter, or press ? or * to list all spells.
The walls around you are covered in ice.
Casting: Frozen Ramparts (dangerous; 4% risk of failure)
Confirm with . or Enter, or press ? or * to list all spells.
Aiming: Freeze (safe; 1% risk of failure)
Press: ? - help, Shift-Dir - straight line, f - black bear
Aim: a black bear You freeze the black bear.
The black bear is lightly wounded.
The wall freezes the black bear.
The black bear misses you. The black bear claws you.
The black bear completely misses you.
Casting: Freeze (safe; 1% risk of failure)
Confirm with . or Enter, or press ? or * to list all spells.
Aiming: Freeze (safe; 1% risk of failure)
Press: ? - help, Shift-Dir - straight line, f/p - black bear
Aim: a black bear (moderately wounded)
You freeze the black bear.
The black bear is moderately wounded.
The wall freezes the black bear.
The black bear misses you.
The black bear claws you but does no damage. x2
You closely miss the black bear.
The black bear is heavily wounded.
The wall freezes the black bear.
The black bear bites you but does no damage.
The black bear claws you but does no damage.
The black bear claws you.
You hit the black bear.
The black bear is almost dead.
The wall freezes the black bear.
You kill the black bear!
Your Spellcasting skill increases to level 5!
Your Ice Magic skill increases to level 6!
The frozen ramparts melt away as you move.
You see here a black bear corpse.
There is a stone staircase leading down here.
You climb downwards.
There is a stone staircase leading up here.
Found a book of Displacement.
An ogre comes into view. It is wielding a +0 giant club.
It was a potion of degeneration.
There was something very wrong with that liquid.
You feel weakened.
You feel dopey.
You feel clumsy.
The ogre shouts!
It was a potion of curing.
That felt strangely inert.
You closely miss the wight. You bite the wight, but do no damage.
The wight closely misses you. The wight barely misses you.
You barely miss the wight. Your bite misses the wight.
The wight hits you with a +0 dagger!
You barely miss the wight. You bite the wight, but do no damage.
The wight closely misses you. The wight hits you with a +0 dagger.
You feel drained. The wight hits you with a +0 dagger.
You feel drained. The wight hits you with a +0 dagger.
The wight attacks as it pursues you! The wight hits you with a +0 dagger.
The wight attacks as it pursues you! The wight hits you with a +0 dagger!
* * * LOW HITPOINT WARNING * * *
The wight attacks as it pursues you! The wight hits you with a +0 dagger.
* * * LOW HITPOINT WARNING * * *
You feel drained.
You die...

#....#.........#
##..............#
#...............#
.....###...........#
..# #.#.........#
#O#.........#
#.#.........#
##z#.........#
####@..........##
#.<...###..<...#
#....### #####...#
.....#.## ...#
...###..# ...# ..
#... #### . ..>.
#####


You could see an ogre and a wight.

Vanquished Creatures
  A black bear (D:5)
  A scorpion (D:5)
  A bombardier beetle (D:4)
  An orc priest (D:4)
  A sleepcap (D:4)
  An iguana (D:5)
  2 adders
  A shadow imp (D:5)
  7 orcs
  3 endoplasms
  3 giant cockroaches
  8 goblins
  2 hobgoblins
  2 quokkas
  3 ball pythons
  2 frilled lizards (D:3)
  3 kobolds
42 creatures vanquished.

Notes
Turn   | Place    | Note
-------+----------+-------------------------------------------
     0 | D:1      | Flugkiller the Vine Stalker Ice Elementalist began the
                  | quest for the Orb.
     0 | D:1      | Reached XP level 1. HP: 9/9 MP: 4/4
    59 | D:1      | Reached XP level 2. HP: 13/13 MP: 3/6
   202 | D:3      | Reached XP level 3. HP: 16/16 MP: 4/8
   341 | D:4      | Found Rummuh's Specific Store.
   342 | D:4      | Found Lax Renu's General Store.
   359 | D:4      | Learned a level 3 spell: Frozen Ramparts
   397 | D:4      | Reached XP level 4. HP: 21/21 MP: 5/10
   446 | D:4      | Reached skill level 5 in Ice Magic
   471 | D:4      | Reached XP level 5. HP: 12/24 MP: 6/11
   532 | D:5      | Entered Level 5 of the Dungeon
   590 | D:5      | Reached XP level 6. HP: 28/28 MP: 9/14
   602 | D:5      | Noticed a black bear
   607 | D:5      | Killed a black bear
   608 | D:5      | Reached skill level 5 in Spellcasting
   608 | D:5      | Reached skill level 6 in Ice Magic
   631 | D:6      | Slain by a wight

Illustrated notes

Levels and vault maps discovered:
D:1:      moated_graveyard_arrival, layout_rooms
D:2:      layout_basic, kennysheep_flooded_box, uniq_natasha
D:3:      wander_river, layout_basic, nicolae_overflow_hidden_temple,
          kennysheep_generic_room_5, uniq_grinder, uniq_robin
D:4:      kennysheep_the_goblin_king, layout_loops_ring, nicolae_specific_store,
          minmay_bisected
D:5:      layout_loops_ring, nzn_hepliaklqana_mist_gate,
          kennysheep_another_room, roderic_roman_lattice,
          nicolae_zig_zag_zippers
D:6:      layout_rooms, minmay_temple_entry_proselytizer

Skill      XL: |  1  2  3  4  5  6 |
---------------+-------------------+-----
Spellcasting   | 3 4 5 |  5.0
Ice Magic      | 5 6 |  6.0
Dodging        | |  1.5
Stealth        | |  2.4

Action                     |  1- 3 |  4- 6 || total
---------------------------+-------+-------++-------
  Melee: Whip              |    64 |    32 ||    96
         Bite              |    16 |    10 ||    26
         Unarmed           |     1 |       ||     1
   Cast: Freeze            |    15 |     4 ||    19
         Frozen Ramparts   |     1 |     7 ||     8
    Use: Potion            |       |     3 ||     3
   Stab: Sleeping          |     3 |       ||     3
 Armour: Robe              |    37 |    32 ||    69
  Dodge: Dodged            |    42 |    30 ||    72
